 Dungeon Crawl Stone Soup version 0.17-a0-1831-gaadb308 (webtiles) character file.

112 luca467 the Skirmisher (level 4, -2/37 HPs)
             Began as a Mummy Fighter on Sept 14, 2015.
             Killed by divine providence
             ... invoked by an orc priest
              (13 damage)
             ... on level 3 of the Dungeon.
             The game lasted 00:12:41 (2282 turns).

luca467 the Skirmisher (Mummy Fighter)              Turns: 2282, Time: 00:12:41

Health: -2/37      AC: 12    Str: 20    XL:     4   Next: 63%
Magic:  4/4        EV:  3    Int:  7    God:
Gold:   64         SH:  9    Dex: 11    Spells: 0 memorised, 3 levels left

rFire  x . .     SeeInvis .     a - +0 flail
rCold  + . .     Clarity  .     h - +0 plate armour
rNeg   + + +     SustAt   .     c - +0 shield
rPois  ∞         Gourm    .     m - +0 helmet
rElec  .         Spirit   .     (no cloak)
rCorr  .         Warding  .     (no gloves)
rMut   .         Stasis   .     (no boots)
MR     .....                    (no amulet)
Stlth  ..........               (no ring)
                                (no ring)

@: not resistant to hostile enchantments, extremely unstealthy
A: no food or potions, fire vulnerability, cold resistance 1, negative energy
resistance 3, torment resistance, unbreathing
a: no special abilities


You were on level 3 of the Dungeon.
You were not hungry.

You visited 1 branch of the dungeon, and saw 3 of its levels.

You collected 64 gold pieces.

Inventory:

Hand weapons
 a - a +0 flail (weapon)
Armour
 b - a +0 scale mail
 c - a +0 shield (worn)
 h - a +0 plate armour (worn)
 m - a +0 helmet (worn)
Jewellery
 i - an uncursed ring of protection from fire {unknown}
Scrolls
 d - 2 scrolls of random uselessness {unknown}
 e - 2 scrolls of noise {unknown}
 f - a scroll of enchant weapon {unknown}
 g - 2 scrolls of fog {unknown}
 j - a scroll of magic mapping {unknown}
 k - a scroll of identify {unknown}
 l - a scroll of remove curse {unknown}
 n - a scroll of teleportation {unknown}


   Skills:
 + Level 3.7 Fighting
 * Level 2.7 Maces & Flails
 + Level 2.6 Armour
 * Level 3.2 Shields


You had 3 spell levels left.
You didn't know any spells.

Dungeon Overview and Level Annotations

Branches:
Dungeon (3/15)

Altars:

Annotations:
D:3 Grinder; kae's ghost, average MiFi


Innate Abilities, Weirdness & Mutations

You do not eat or drink.
Your flesh is vulnerable to fire.
You are immune to poison.
Your flesh is cold resistant.
You are immune to negative energy.
You are immune to unholy pain and torment.
You can survive without breathing.


Message History

* * * LOW HITPOINT WARNING * * *
Grinder hits you but does no damage.
The orc priest hits you but does no damage.
You block Grinder's attack.
You hit the orc priest but do no damage.
The orc priest is moderately wounded.
The orc priest hits you but does no damage.
Grinder hits you but does no damage. You block the orc priest's attack.
Grinder hits you but does no damage.
You closely miss the orc priest.
The orc priest is moderately wounded.
The orc priest miscasts a cantrip.
Grinder gestures at you. You resist with significant effort.
You block the orc priest's attack. You block Grinder's attack.
Your plate armour prevents you from hitting the orc priest.
The orc priest is moderately wounded.
The orc priest mumbles some strange prayers to Beogh against you.
Something smites you!
You die...

..... #.# .....
#.# ..... #.#
..... #.#
....o###########
#.#
......§..b.o...#
#.#
.....>########.#
#.# ###.#.#
#.#####.# #.#.#
#.o@.##.# # #.#
####5##.# #.#
#.##.# #.#
#.##.# #.#
#.##.# #.##.#
#.##.# #.##.#
#.##.#


You could see Grinder and an orc priest.

Vanquished Creatures
  3 adders
  3 worms (D:2)
  2 giant geckos
  2 orcs (D:3)
  A ball python (D:2)
  8 bats
  5 giant cockroaches
  5 goblins
  8 hobgoblins
  8 jackals
  11 kobolds
  7 giant newts
  7 rats
70 creatures vanquished.

Notes
Turn   | Place    | Note
--------------------------------------------------------------
     0 | D:1      | luca467 the Mummy Fighter began the quest for the Orb.
     0 | D:1      | Reached XP level 1. HP: 18/18 MP: 1/1
   216 | D:1      | You fall through a shaft!
   304 | D:2      | Reached XP level 2. HP: 22/24 MP: 2/2
   558 | D:1      | Reached XP level 3. HP: 29/29 MP: 3/3
  1498 | D:2      | Reached XP level 4. HP: 33/35 MP: 4/4
  2008 | D:3      | Noticed kae's ghost (average MiFi)
  2242 | D:3      | Noticed Grinder
  2243 | D:3      | Paralysed by Grinder for 4 turns
  2276 | D:3      | Paralysed by Grinder for 3 turns
  2282 | D:3      | Killed from afar by an orc priest

Vault maps used:
D:1:      elethiomel_arrival_infinity_welcomes_careful_drivers,
          roderic_cross_of_infinity
D:2:      forest_paths
D:3:      serial_bayou_lagoon_a, serial_bayou_ford_a, uniq_grinder

Action                   |  1- 3 |  4- 6 || total
-------------------------+-------+-------++-------
Melee: Flail             |   153 |   105 ||   258
